 Dungeon Crawl Stone Soup version 0.31.0-11-ge490571c62 (webtiles) character file.

Game seed: 797734258577984748

9 sanka the Digger (level 2, -1/15 HPs)
             Began as a Gargoyle Earth Elementalist on Jan 28, 2024.
             Frozen to death by an endoplasm (4 damage)
             ... on level 1 of the Dungeon.
             The game lasted 00:00:32 (156 turns).

sanka the Digger (Gargoyle Earth Elementalist)       Turns: 156, Time: 00:00:32

Health: -1/15      AC:  4    Str: 11    XL:     2   Next: 16%
Magic:  2/5        EV: 11    Int: 15    God:
Gold:   10         SH:  0    Dex: 10    Spells: 4/5 levels left

rFire   . . .        c - +0 dagger
rCold   . . .        (no shield)
rNeg    + . .        a - +0 robe
rPois   ∞            (no helmet)
rElec   +            (no cloak)
rCorr   .            (no gloves)
SInv    .            (no boots)
Will    .....        (no amulet)
Stlth   ++           (no ring)
HPRegen 0.22/turn    (no ring)
MPRegen 0.09/turn

%: no passive effects
@: no status effects
A: sickness immunity, AC +2, negative energy resistance 1, electricity
resistance, torment resistance 1, petrification resistance
a: no special abilities


You were on level 1 of the Dungeon.
You visited 1 branch of the dungeon, and saw 1 of its levels.

You collected 10 gold pieces.


Innate Abilities, Weirdness & Mutations

You are immune to sickness and miasma.
Your stone body is resilient. (AC +2)
You are immune to poison.
You resist negative energy. (rN+)
You are resistant to electric shocks. (rElec)
You are resistant to unholy torment.
You are immune to petrification.


   Skills:
 - Level 1.5 Dodging
 - Level 2.1 Stealth
 + Level 2.2 Spellcasting
 + Level 1.6 Conjurations
 + Level 3.9 Earth Magic


You had 4 spell levels left.
You knew the following spells:

 Your Spells              Type           Power      Damage    Failure   Level
z - Sandblast             Erth           26%        2d8       4%          1

Your spell library contained the following spells:

 Spells                   Type           Power      Damage    Failure   Level
 Passwall                 Erth           13%        N/A       13%         3
 Stone Arrow              Conj/Erth      18%        3d8       22%         3
 Brom's Barrelling Bould  Conj/Erth      9%         2d3       56%         4
 Petrify                  Alch/Erth      7%         N/A       67%         4

Inventory:

Hand Weapons
 c - a +0 dagger (weapon)
Armour
 a - a +0 robe (worn)
Scrolls
 d - a scroll of teleportation {unknown}
Potions
 b - a potion of magic

Dungeon Overview and Level Annotations

Branches:
Dungeon (1/15)

Altars:

▒.▒.....................
▒.......................
▒.▒.....................
▒▒▒▒▒.▒.†▒▒▒...▒▒▒...▒▒▒...▒
......$..▒ ▒...▒ ▒...▒ ▒...▒
▒▒▒▒▒▒▒..▒▒▒...▒▒▒...▒▒▒...▒
▒.........................(
▒.▒▒▒▒.....................
........8J...............
▒▒▒▒..▒▒▒g..▒▒▒. ▒▒...▒
.....▒ ...▒ ▒... ▒▒▒..▒ ...▒
▒.. .... ..... ... ▒...
.....[ ... ▒. .......
...▒▒▒.


You could see an endoplasm and a goblin.


Message History

The jackal barks!
The endoplasm quivers.
The goblin hits you with a +0 dagger.
You hit the jackal but do no damage. The jackal barely misses you.
The goblin hits you but does no damage.
You closely miss the jackal. The jackal barely misses you.
The goblin hits you with a +0 dagger. The jackal barely misses you.
You hit the jackal but do no damage. The goblin closely misses you.
The jackal bites you but does no damage.
The blast of sand hits the jackal.
You kill the jackal!
The goblin barely misses you. The goblin hits you with a +0 dagger.
The endoplasm freezes you.
You are frozen.
The blast of sand hits the endoplasm but does no damage.
The goblin hits you with a +0 dagger.
* * * LOW HITPOINT WARNING * * *
The endoplasm closely misses you.
The blast of sand hits the endoplasm.
The endoplasm is severely wounded.
The goblin hits you with a +0 dagger.
* * * LOW HITPOINT WARNING * * *
The endoplasm freezes you.
You are frozen.
You die...

Action                     || total
---------------------------++-------
  Melee: Dagger            ||    17
   Cast: Sandblast         ||     6
 Armour: Robe              ||     9
  Dodge: Dodged            ||    18

Levels and vault maps discovered:
D:1:      lemuel_arrival_river_bridge, layout_basic, kennysheep_boxes

Notes
Turn   | Place    | Note
-------+----------+-------------------------------------------
     0 | D:1      | sanka the Gargoyle Earth Elementalist began the quest for
                  | the Orb.
     0 | D:1      | Reached XP level 1. HP: 10/10 MP: 3/3
   101 | D:1      | Reached XP level 2. HP: 15/15 MP: 5/5
   156 | D:1      | Frozen to death by an endoplasm

Vanquished Creatures
  A giant cockroach (D:1)
  2 goblins (D:1)
  2 jackals (D:1)
  A ball python (D:1)
  2 kobolds (D:1)
  A rat (D:1)
9 creatures vanquished.
